 Dungeon Crawl Stone Soup version 0.28-a0-938-gbc3f381ebc (webtiles) character file.

Game seed: 12707864051348517978

2322 shoop the Disciple of Destruction (level 9, -6/65 HPs)
             Began as a Demonspawn Delver on Nov 28, 2021.
             Was a Follower of Makhleb.
             Mangled by a komodo dragon (28 damage)
             ... on level 8 of the Dungeon.
             The game lasted 00:19:23 (9501 turns).

shoop the Disciple of Destruction (DsDe)            Turns: 9501, Time: 00:19:23

Health: -6/65      AC:  6    Str: 13    XL:     9   Next: 19%
Magic:  14/14      EV: 12    Int: 14    God:    Makhleb [*.....]
Gold:   325        SH:  0    Dex: 15    Spells: 7/9 levels left

rFire   . . .      SeeInvis +   B - +2 rapier (distort)
rCold   + . .      Faith    .   (no shield)
rNeg    . . .      Spirit   .   n - +0 leather armour {rC+}
rPois   .          Reflect  .   (helmet unavailable)
rElec   .          Harm     .   J - +0 cloak
rCorr   .          Rampage  .   C - +0 pair of gloves
Will    .....                   I - +0 pair of boots
Stlth   +++.......              (no amulet)
HPRegen 0.20/turn               q - ring of wizardry
MPRegen 0.14/turn               (no ring)

@: no status effects
A: antennae 3, spiny 1, demonic magic 1
a: Renounce Religion


You were on level 8 of the Dungeon.
You worshipped Makhleb.
Makhleb was aware of your devotion.
You visited 2 branches of the dungeon, and saw 9 of its levels.

You collected 325 gold pieces.

Inventory:

Hand Weapons
 a - a +0 falchion
 i - a +2 dagger of speed
 t - a +5 short sword
 B - a +2 rapier of distortion (weapon)
Missiles
 v - 17 poisoned darts (quivered)
 L - 11 javelins
Armour
 b - a +0 leather armour
 n - a +0 leather armour of cold resistance (worn)
 C - a +0 pair of gloves (worn)
 I - a +0 pair of boots (worn)
 J - a +0 cloak (worn)
Magical Staves
 r - a staff of poison
Jewellery
 q - a ring of wizardry (left hand)
 s - a +4 ring of protection
Wands
 g - a wand of digging (12)
 l - a wand of polymorph (10)
 F - a wand of paralysis (8)
 G - a wand of iceblast (6)
 H - a wand of flame (14)
Scrolls
 c - a scroll of fog
 d - a scroll of magic mapping
 e - 2 scrolls of fear
 h - 3 scrolls of amnesia {unknown}
 j - 11 scrolls of identify {unknown}
 u - a scroll of brand weapon {unknown}
 w - 2 scrolls of vulnerability {unknown}
 x - 3 scrolls of enchant weapon {unknown}
 y - 5 scrolls of teleportation {unknown}
 E - 2 scrolls of acquirement {unknown}
 K - a scroll of holy word {unknown}
Potions
 f - 3 potions of haste
 k - 2 potions of curing {unknown}
 m - 2 potions of ambrosia {unknown}
 o - 2 potions of mutation {unknown}
 p - 2 potions of berserk rage {unknown}
 z - a potion of heal wounds {unknown}
 A - a potion of might {unknown}
 D - a potion of brilliance {unknown}


   Skills:
 - Level 4.1 Fighting
 + Level 7.1(7.3) Short Blades
 - Level 2.1(5.0) Long Blades
 - Level 0.3(0.6) Slings
 - Level 0.8(1.0) Throwing
 - Level 2.0 Armour
 - Level 3.1 Dodging
 - Level 5.0 Stealth
 + Level 0.8 Spellcasting
 + Level 0.9 Transmutations
 + Level 0.9 Earth Magic
 + Level 7.3 Invocations
 - Level 3.9 Evocations


You had 7 spell levels left.
You knew the following spells:

 Your Spells              Type           Power      Damage    Failure   Level
p - Passwall              Tmut/Erth      2%         N/A       14%         2

Your spell library contained the following spells:

 Spells                   Type           Power      Damage    Failure   Level
 Sandblast                Erth           6%         2d5       10%         1
 Stone Arrow              Conj/Erth      2%         3d7       32%         3
 Fireball                 Conj/Fire      0%         3d3       97%         5
 Starburst                Conj/Fire      0%         6d3       100%        6
 Ignition                 Fire           0%         3d3       100%        8


Dungeon Overview and Level Annotations

Branches:
Dungeon (8/15)             Temple (1/1) D:4            Lair (0/6) D:8

Altars:
Ashenzari
Cheibriados
Elyvilon
Fedhas
Gozag
Kikubaaqudgha
Makhleb
Nemelex Xobeh
Qazlal
Ru
Sif Muna
Trog
Uskayaw
Vehumet
Wu Jian
Xom
Yredelemnul
Zin
Lugonu

Shops:
D:1 !   D:7 =

Portals:
Abyss: D:5


Innate Abilities, Weirdness & Mutations

You have a pair of large antennae on your head. (SInv)
You are partially covered in sharp spines.
Spells you cast may paralyse adjacent enemies.


Message History

A komodo dragon comes into view.
Found a stone staircase leading up.
The komodo dragon hisses angrily.
You completely miss the komodo dragon. The komodo dragon barely misses you.
You hit the komodo dragon.
Space warps around the komodo dragon.
The komodo dragon is lightly wounded.
The komodo dragon misses you.
You closely miss the komodo dragon.
The komodo dragon is lightly wounded.
You hit the komodo dragon.
Space warps horribly around the komodo dragon!
The komodo dragon is moderately wounded.
The komodo dragon misses you.
You barely miss the komodo dragon.
The komodo dragon is moderately wounded.
The komodo dragon is struck by your spines.
The komodo dragon bites you.
You barely miss the komodo dragon.
The komodo dragon is heavily wounded.
The komodo dragon bites you!
You hit the komodo dragon but do no damage.
The komodo dragon is heavily wounded.
The komodo dragon bites you!
You hit the komodo dragon.
Space warps around the komodo dragon.
The komodo dragon is heavily wounded.
The komodo dragon is struck by your spines.
The komodo dragon bites you!!
You completely miss the komodo dragon.
The komodo dragon is heavily wounded.
The komodo dragon barely misses you.
You hit the komodo dragon but do no damage.
Space warps around the komodo dragon.
The komodo dragon is heavily wounded.
You hit the komodo dragon.
Space warps around the komodo dragon.
The komodo dragon is severely wounded.
The komodo dragon bites you but does no damage.
You hit the komodo dragon.
The komodo dragon is severely wounded.
The komodo dragon bites you!!
You die...

#########.#
.......).#
{
.......)##
.######)#
#..<.#)#
#.#..#.#
#.#..#.#
#l#..#.#
#@#..#.#
#.####.#
#......#
########


You could see a komodo dragon.

Vanquished Creatures
  An orc warrior (D:8)
  A necrophage (D:5)
  4 ogres
  A centaur (D:7)
  2 phantoms (D:5)
  3 bullfrogs
  A gnoll sergeant (D:6)
  4 scorpions
  A wyvern zombie (D:8)
  A water moccasin skeleton (D:4)
  3 wights (D:7)
  A howler monkey (D:4)
  A centaur zombie (D:8)
  An orc priest (D:8)
  A gnoll shaman (D:6)
  A hound (D:6)
  4 jellies
  3 iguanas
  3 orc wizards
  A killer bee zombie (D:6)
  A hound zombie (D:5)
  5 gnolls (D:7)
  6 adders
  2 white imps (D:6)
  An ufetubus (D:6)
  2 adder skeletons
  3 worms (D:2)
  4 dart slugs
  7 orcs
  5 ball pythons
  4 bats
  9 endoplasms
  3 goblins
  5 hobgoblins
  4 jackals
  11 kobolds
  4 quokkas
  A frilled lizard (D:2)
  5 rats
120 creatures vanquished.

Vanquished Creatures (others)
  A fungus (D:8)
  24 plants
25 creatures vanquished.

Grand Total: 145 creatures vanquished

Notes
Turn   | Place    | Note
-------+----------+-------------------------------------------
     0 | D:5      | shoop the Demonspawn Delver began the quest for the Orb.
     0 | D:5      | Reached XP level 1. HP: 18/18 MP: 1/1
   200 | D:4      | Noticed a howler monkey
   237 | D:4      | Gained mutation: You have a pair of small antennae on your
                  | head. [demonic ancestry]
   237 | D:4      | Reached XP level 2. HP: 24/24 MP: 2/2
   293 | D:3      | Found a sacrificial altar of Ru.
   359 | D:4      | Reached skill level 1 in Short Blades
   672 | D:2      | Gained mutation: You have a pair of antennae on your head.
                  | [demonic ancestry]
   672 | D:2      | Reached XP level 3. HP: 29/29 MP: 3/3
   727 | D:2      | Reached skill level 1 in Evocations
  1439 | D:1      | Found Maolunku's Distillery.
  1463 | D:1      | Reached XP level 4. HP: 35/35 MP: 4/4
  2396 | D:3      | Found a bloodstained altar of Trog.
  2465 | D:3      | Found an ornate altar of the Wu Jian Council.
  2473 | D:3      | Found a blossoming altar of Fedhas.
  2477 | D:3      | Found a broken altar of Ashenzari.
  2482 | D:3      | Found a stormy altar of Qazlal.
  2489 | D:3      | Found an ancient bone altar of Kikubaaqudgha.
  2730 | D:5      | Found a large runed translucent door.
  2730 | D:5      | Found a large runed translucent door.
  2734 | D:5      | Found a corrupted altar of Lugonu.
  2796 | D:5      | Noticed a scorpion
  2811 | D:5      | Killed a scorpion
  2812 | D:5      | Reached skill level 1 in Armour
  2812 | D:5      | Reached XP level 5. HP: 20/41 MP: 5/5
  3088 | D:5      | Noticed an ogre
  3133 | D:5      | Noticed a phantom
  3154 | D:5      | Killed a phantom
  3155 | D:5      | Gained mutation: You are partially covered in sharp spines.
                  | [demonic ancestry]
  3155 | D:5      | Reached XP level 6. HP: 25/47 MP: 6/6
  3463 | D:4      | Found a snail-covered altar of Cheibriados.
  3670 | D:4      | Found a staircase to the Ecumenical Temple.
  3678 | Temple   | Entered the Ecumenical Temple
  4353 | D:5      | Reached XP level 7. HP: 48/52 MP: 7/7
  5113 | D:5      | Found a shimmering altar of Xom.
  5478 | D:6      | Reached skill level 5 in Stealth
  5730 | D:5      | Found a one-way gate to the infinite horrors of the Abyss.
  6198 | Temple   | Became a worshipper of Makhleb the Destroyer
  6342 | D:6      | Reached skill level 1 in Invocations
  6664 | D:6      | Reached skill level 5 in Short Blades
  6667 | D:6      | Gained mutation: Spells you cast may paralyse adjacent
                  | enemies. [demonic ancestry]
  6667 | D:6      | Reached XP level 8. HP: 29/60 MP: 9/9
  7556 | D:7      | Found Yggyff's Jewellery Emporium.
  7580 | D:7      | Reached skill level 5 in Invocations
  8165 | D:6      | Gained mutation: You have a pair of large antennae on your
                  | head. (SInv) [demonic ancestry]
  8165 | D:6      | Reached XP level 9. HP: 12/65 MP: 14/14
  8757 | D:8      | Found a staircase to the Lair.
  8839 | D:8      | Learned a level 2 spell: Passwall
  9187 | D:8      | Reached * piety under Makhleb
  9484 | D:8      | Noticed a komodo dragon
  9501 | D:8      | Mangled by a komodo dragon

Illustrated notes

Levels and vault maps discovered:
D:1:      scummos_arrival_hexagon, layout_rooms, serial_shops, shop, hex_tiny,
          amcnicky_mini_corridor_feature
D:2:      layout_loops_ring, minmay_misc_feat_five
D:3:      layout_basic, nicolae_hepliaklqana_hippocampus,
          general_overflow_altar, nicolae_overflow_hidden_temple,
          nicolae_overflow_hallway_of_the_gods, guppyfry_early_lair_pool
D:4:      layout_loops_ring, kennysheep_mini_moat, minmay_temple_entry_fiery
D:5:      due_chaos_kobolds, layout_basic, lemuel_tele_altar, tgw_xom
D:6:      layout_cave_pods
D:7:      layout_cave_pools, serial_shops, shop, st_stairs_4,
          nicolae_grassy_gnolls
D:8:      layout_basic, dpeg_oklobed_lair, hangedman_abyss_or_decor_clamps
Temple:   kb_temple_of_zot

Skill      XL: |  1  2  3  4  5  6  7  8  9 |
---------------+----------------------------+-----
Long Blades    | 2 |  2.1
Short Blades   | 1 2 3 4 5 6 7 |  7.1
Evocations     | 1 2 3 |  3.9
Dodging        | 2 3 |  3.1
Armour         | 1 2 |  2.0
Stealth        | 5 |  5.0
Fighting       | 4 |  4.1
Invocations    | 2 6 7 |  7.3
Slings         | |  0.3
Throwing       | |  0.8
Spellcasting   | |  0.8
Transmutations | |  0.9
Earth Magic    | |  0.9

Action                   |  1- 3 |  4- 6 |  7- 9 || total
-------------------------+-------+-------+-------++-------
Melee: Falchion          |    12 |       |       ||    12
       Dagger            |   119 |    64 |       ||   183
       Short sword       |       |    71 |    34 ||   105
       Rapier            |       |       |   113 ||   113
Throw: Dart              |       |     7 |    11 ||    18
 Cast: Passwall          |       |       |     1 ||     1
Evoke: Wand              |       |       |     7 ||     7
 Stab: Sleeping          |     5 |    17 |    10 ||    32
       Distracted        |     1 |       |     1 ||     2
Armor: Leather armour    |    13 |    17 |    27 ||    57
Dodge: Dodged            |    43 |    42 |    74 ||   159

Table legend: (Time is in decaauts)
 A = Elapsed time spent in this place.
 B = Non-inter-level travel time spent in this place.
 C = Inter-level travel time spent in this place.
 D = Time resting spent in this place.
 E = Time spent auto-exploring this place.
 F = Levels seen in this place.
 G = Mean time per level.
                   A        B        C        D        E       F      G
               +--------+--------+--------+--------+--------+-----+--------+
         Total |   9421 |   8728 |    693 |    945 |   6329 |   9 | 1046.8 |
       Dungeon |   9277 |   8659 |    618 |    945 |   6297 |   8 | 1159.6 |
        Temple |    144 |     70 |     74 |      0 |     32 |   1 |  144.0 |
               +--------+--------+--------+--------+--------+-----+--------+

Top non-repeatable levels by time:
     D:5: 2372 daAuts
     D:6: 1875 daAuts
     D:4: 1354 daAuts
     D:2: 1253 daAuts
     D:7: 1085 daAuts
     D:8: 752 daAuts
     D:1: 457 daAuts
  Temple: 144 daAuts
     D:3: 125 daAuts
